 Dungeon Crawl Stone Soup version 0.29.1-12-g30fa7ad0bf (webtiles) character file.

Game seed: 9722726937220929226

365638 cheesebisquit the Hoplite (level 21, 0/204 (212) HPs)
             Began as a Minotaur Berserker on Jan 8, 2023.
             Was a Priest of Trog.
             Slain by Vv (4 damage)
             ... on level 3 of the Depths on Jan 9, 2023.
             The game lasted 04:57:54 (57959 turns).

cheesebisquit the Hoplite (Minotaur Berserker)     Turns: 57959, Time: 04:57:55

HP:   0/204 (212)   AC: 50    Str: 39    XL:     21   Next: 58%
MP:   20/20         EV:  9    Int:  4    God:    Trog [***...]
Gold: 1882          SH: 26    Dex: 10    Spells: 20/20 levels left

rFire   + + .      SeeInvis .   w - +6 broad axe (flame)
rCold   + + .      Faith    .   O - +5 kite shield {AC+3}
rNeg    . . .      Spirit   .   Z - +9 gold dragon scales
rPois   +          Reflect  +   s - +2 hat
rElec   +          Harm     .   H - +2 cloak
rCorr   +          Rampage  .   W - +2 pair of gloves {Str+3}
Will    +....      Rnd*Tele +   m - +2 pair of boots {Fly}
Stlth   ..........              Y - amulet of reflection
HPRegen 0.44/turn               V - ring of Jybabbee {rElec rPois Str-3 Slay+2}
MPRegen 0.17/turn               c - +6 ring of strength

@: about to teleport, resistant, on berserk cooldown, flying, hasted and slowed,
lightly drained
A: horns 2, retaliatory headbutt, teleportitis 1
}: 2/15 runes: decaying, serpentine
a: Renounce Religion, Berserk, Trog's Hand


You were on level 3 of the Depths.
You worshipped Trog.
Trog was most pleased with you.
You visited 7 branches of the dungeon, and saw 38 of its levels.

You collected 4705 gold pieces.
You spent 2823 gold pieces at shops.

Inventory:

Hand Weapons
 b - a +2 vorpal sling
 w - a +6 broad axe of flaming (weapon)
Missiles
 n - 297 stones
 v - 4 throwing nets
 L - 34 poisoned darts (quivered)
 R - 9 curare-tipped darts
 S - 4 atropa-tipped darts
Armour
 m - a +2 pair of boots of flying (worn)
 s - a +2 hat (worn)
 H - a +2 cloak (worn)
 O - a +5 kite shield of protection (worn)
 W - a +2 pair of gloves of strength (worn)
 Z - +9 gold dragon scales (worn)
Jewellery
 c - a +6 ring of strength (right hand)
 l - a +4 ring of evasion
 q - a ring of flight
 D - a ring of protection from fire
 P - a ring of willpower
 T - an amulet of regeneration
 V - the ring of Jybabbee (left hand) {rElec rPois Str-3 Slay+2}
   (You found it on level 4 of the Lair of Beasts)

   [ring of poison resistance]

   Str:       It affects your strength (-3).
   Slay:      It affects your accuracy & damage with ranged weapons and melee
   (+2).
   rElec:     It insulates you from electricity.
   rPois:     It protects you from poison.
 Y - an amulet of reflection (around neck)
Wands
 h - a wand of digging (18)
 r - a wand of mindburst (11)
 u - a wand of flame (57)
 x - a wand of charming (39)
 C - a wand of iceblast (25)
 K - a wand of quicksilver (19)
 X - a wand of polymorph (5)
Scrolls
 d - 5 scrolls of poison
 f - 4 scrolls of magic mapping
 t - 3 scrolls of fear
 y - 7 scrolls of immolation
 z - 5 scrolls of silence
 E - 9 scrolls of teleportation
 F - 3 scrolls of summoning
 G - 10 scrolls of butterflies
 I - 6 scrolls of blinking
 J - 6 scrolls of brand weapon
Potions
 a - a potion of cancellation
 e - 10 potions of flight
 g - 7 potions of attraction
 i - 8 potions of lignification
 j - a potion of berserk rage
 o - 6 potions of ambrosia
 p - 6 potions of mutation
 A - 13 potions of curing
 B - 3 potions of invisibility
 N - 2 potions of magic
 Q - a potion of resistance
Miscellaneous
 U - a phial of floods


   Skills:
 + Level 23.5 Fighting
 + Level 22.3 Axes
 + Level 9.3 Throwing
 + Level 23.4 Armour
 - Level 2.6 Dodging
 + Level 24.9 Shields


You had 20 spell levels left.
You didn't know any spells.
Your spell library was empty.

Dungeon Overview and Level Annotations

Branches:
Dungeon (15/15)            Temple (0/1) D:5            Lair (5/5) D:11
  Swamp (4/4) Lair:3        Snake (4/4) Lair:3        Slime (0/5) Lair:5
    Orc (2/2) D:9             Elf (0/3) Orc:2        Vaults (4/5) D:13
  Crypt (0/3) Vaults:2     Depths (4/4) D:15
    Zot: Depths:4

Altars:
Ashenzari
Cheibriados
Dithmenos
Elyvilon
Kikubaaqudgha
Qazlal
Ru
Sif Muna
Uskayaw
Yredelemnul
Zin
The Shining One
Jiyva

Shops:
D:2 (   D:4 *[[   D:9 ?   D:15 !(:   Orc:2 [=[*=[[(?   Snake:1 (?   Vaults:3 [(
Depths:3 :

Portals:
Hell: Depths:1 Depths:2 Depths:3
Abyss: Snake:3 Depths:1 Depths:3
Pandemonium: Depths:2
Bazaar: Depths:2

Annotations:
Snake:3 2 transporters, FakeRyeBread's ghost, adept GrFi
Depths:1 2 runed translucent doors, Egret's ghost, journeyman GrFi
Depths:3 Vv


Innate Abilities, Weirdness & Mutations

You have a pair of horns on your head.
You reflexively headbutt those who attack you in melee.
You are occasionally teleported next to monsters.


Message History

You feel yourself slow down.
You slice Vv!! You burn Vv. You headbutt Vv!
Vv is severely damaged.
You feel the effects of Trog's Hand fading.
Vv hits you!! Vv freezes you!! You resist. You block Vv's attack.
You feel yourself speed up. Vv misses you. Vv hits you but does no damage.
You block Vv's attack. x2
You hit Vv but do no damage. You headbutt Vv, but do no damage.
Vv is severely damaged.
The ice encasing you melts away.
You slash Vv! You burn Vv. You headbutt Vv, but do no damage.
Vv is severely damaged.
You block Vv's attack. x2
You hit Vv. You burn Vv.
Vv is severely damaged.
Vv hits you! Vv freezes you!! You resist.
* * * LOW HITPOINT WARNING * * *
You block Vv's attack.
You hit Vv.
Vv is severely damaged.
Vv calls freezing cold from the walls.
The frost grips you.
* * * LOW HITPOINT WARNING * * *
You are encased in ice.
You feel protected.
Your skin stops crawling.
You feel less strong-willed. You block Vv's attack. x2
As you read the scroll of teleportation, it crumbles to dust.
You feel strangely unstable. The ice encasing you melts away. Vv hits you!
* * * LOW HITPOINT WARNING * * *
Vv freezes you!! You resist.
* * * LOW HITPOINT WARNING * * *
You block Vv's attack.
Things that are here:
a +0 whip; a +0 cloak Vv attacks as you move away!
Vv hits you but does no damage. You block Vv's attack.
Vv attacks as you move away! You block Vv's attack. Vv hits you.
You die...

.#...............# #.#
.................###.##
..........>...........#
......................#
........########.†###.#
........# #>[....#
######### #)######
######9# #....#@#
#.##.#.########
#.#...........#
#.#..#.######.#
#.#..#)######.#
#.#..#<.).....#
#.#..#.######.#
#.#..#.# #.# #.####.#
###


You could see Vv.

Vanquished Creatures
  A dread lich (Depths:2)
  Mara (Swamp:3)
  Parghit (Depths:4)
  Boris (thrice) (Vaults:2 Depths:1 Depths:2)
  Saint Roka (Vaults:2)
  Bai Suzhen (Vaults:2)
  Nikola (Snake:2)
  2 tentacled monstrosities
  A lich (Depths:2)
  Asterion (Vaults:2)
  A titan (Depths:3)
  3 sphinxes
  A shadow dragon (Depths:3)
  5 thorn hunters
  6 nagarajas
  13 vault wardens
  4 iron dragons (Depths:1)
  9 frost giants
  A balrug (Depths:1)
  A draconian scorcher (Depths:3)
  A juggernaut zombie (Depths:1)
  An orc warlord (Orc:2)
  A cacodemon (Depths:1)
  12 ironbound preservers
  9 very ugly things
  2 spriggan defenders (Depths:3)
  11 stone giants
  4 war gargoyles
  5 ironbound thunderhulks
  5 vampire knights
  7 eleionomae
  13 dire elephants
  15 spark wasps (Depths:2)
  A yellow draconian (Depths:4)
  Azrael (D:14)
  3 bunyips
  6 crystal guardians
  2 blizzard demons (Depths:2)
  10 ettins
  6 yaktaur captains
  A green death (Depths:1)
  8 great orbs of eyes
  32 hydras
  7 fire dragons
  5 vault guards
  A shambling mangrove (Swamp:4)
  6 ice dragons
  2 salamander tyrants (Snake:4)
  A rakshasa (Depths:1)
  5 boulder beetles
  3 spriggan air magi (Depths:2)
  Erica (D:8)
  7 peacekeepers
  5 two-headed ogres
  A hell beast (Depths:1)
  6 centaur warriors
  An ogre mage (D:15)
  5 alligators
  9 ironbound frosthearts
  2 dancing weapons (D:13)
  7 anacondas
  13 naga warriors
  A death knight (D:13)
  2 hell hogs (Depths:2)
  2 deep troll shamans (Depths:2)
  4 orc high priests (Orc:2)
  A tengu warrior (D:15)
  3 spriggan berserkers
  13 shock serpents
  4 sun demons (Depths:2)
  5 deep troll earth magi
  4 soul eaters
  9 naga sharpshooters
  12 hell knights
  5 salamander mystics
  7 goliath frogs
  6 skeletal warriors
  5 sea snakes (Snake:1)
  5 spriggan druids
  3 iron trolls
  2 glowing orange brains
  13 swamp dragons
  2 bog bodies (Swamp:4)
  6 lindwurms
  44 deep trolls
  2 naga ritualists
  4 phantasmal warriors (Depths:2)
  5 orc knights
  A wolf spider (shapeshifter) (Depths:3)
  20 ironbound convokers
  An obsidian statue (Depths:1)
  7 wizards
  8 deep elf pyromancers
  7 necromancers
  A salamander (shapeshifter) (D:14)
  10 mana vipers
  6 orc sorcerers
  5 manticores
  8 cyclopes
  21 salamanders
  15 ugly things
  2 will-o-the-wisps
  A fire giant skeleton (Vaults:1)
  2 ice statues (Depths:2)
  30 black mambas
  15 vault sentinels
  A water nymph (shapeshifter) (Depths:3)
  Maurice (D:8)
  9 elephants
  8 guardian serpents
  4 rust devils (Depths:1)
  2 smoke demons (Depths:1)
  12 naga magi
  10 cane toads
  2 centaur skeletons (D:15)
  2 gargoyles
  7 komodo dragons
  4 freezing wraiths
  A tormentor (Depths:1)
  4 rime drakes
  2 tengu conjurers
  2 ice devils (Depths:1)
  2 efreet
  A hellwing (Depths:1)
  21 yaktaurs
  3 meliai (D:15)
  3 red devils
  8 trolls
  6 tyrant leeches
  6 polar bears (Lair:5)
  31 slime creatures
  The ghost of hawla the Firebug, an amateur MeFE of Vehumet (D:5)
  14 hornets
  A stone giant simulacrum (Depths:1)
  An ettin zombie (Vaults:1)
  6 dream sheep
  A human simulacrum (Vaults:3)
  17 blink frogs
  Sigmund (D:6)
  A centaur simulacrum (D:15)
  35 yaks
  3 shadows
  6 wraiths
  An ettin skeleton (Depths:1)
  4 water elementals (Depths:2)
  19 spriggans
  4 fire bats (Depths:1)
  A neqoxec (Depths:2)
  6 wyverns
  Grum (D:8)
  4 fire elementals
  3 steam dragons
  A chaos spawn (Depths:2)
  An elf zombie (Vaults:1)
  7 hogs (Lair:4)
  5 wargs
  12 vampire mosquitoes (D:13)
  8 basilisks
  Menkaure (D:6)
  21 swamp worms
  28 nagas
  2 two-headed ogre zombies (D:9)
  An acid dragon (D:11)
  16 water moccasins
  3 hell hounds (D:14)
  31 orc warriors
  8 black bears
  A glowing shapeshifter skeleton (Vaults:3)
  3 ice beasts
  14 swamp drakes
  An ettin simulacrum (Depths:1)
  25 wolves
  4 boggarts (Lair:5)
  10 ogres
  8 centaurs
  Blork the orc (D:4)
  4 kobold brigands
  A human zombie (Vaults:1)
  10 bullfrogs
  A gnoll sergeant (D:11)
  4 scorpions
  5 killer bees
  A troll zombie (D:9)
  An electric eel (Lair:3)
  2 howler monkeys
  A jelly (D:4)
  2 hounds
  28 orc priests
  A gnoll bouda (D:6)
  Crazy Yiuf (D:5)
  6 iguanas
  22 orc wizards
  12 hell rats
  6 ogre zombies
  Robin (D:2)
  23 gnolls
  7 adders
  4 white imps
  An ufetubus (D:7)
  4 worms
  2 dart slugs (D:1)
  111 orcs
  2 endoplasms (D:3)
  7 giant cockroaches
  17 goblins
  7 hobgoblins
  15 jackals
  18 kobolds
  3 quokkas
  13 ball pythons
  4 bats
  6 frilled lizards
  2 goblin skeletons (D:9)
  A goblin zombie (D:9)
  A hobgoblin skeleton (D:9)
  3 hobgoblin zombies (D:9)
  3 orc skeletons (D:9)
  15 orc zombies (D:9)
  8 rats
  A rat zombie (D:8)
  A fire vortex (Depths:1)
  A toadstool (Swamp:1)
1512 creatures vanquished.

Vanquished Creatures (others)
  Kirke (Lair:4)
  A freezing wraith (Depths:2)
  3 bloated husks
  A spriggan (Depths:3)
  A centaur (D:14)
  12 foxfires
  26 fungi
  58 plants
  6 toadstools (Swamp:1)
109 creatures vanquished.

Grand Total: 1621 creatures vanquished

Notes
Turn   | Place    | Note
-------+----------+-------------------------------------------
     0 | D:1      | cheesebisquit the Minotaur Berserker began the quest for
                  | the Orb.
     0 | D:1      | Reached XP level 1. HP: 19/19 MP: 0/0
    79 | D:1      | Reached XP level 2. HP: 27/27 MP: 1/1
   559 | D:1      | Reached XP level 3. HP: 31/33 MP: 2/2
   759 | D:1      | Reached ** piety under Trog
  1019 | D:2      | Found Hemihorph's Antique Weapon Emporium.
  1036 | D:2      | Found a faded altar of an unknown god.
  1056 | D:2      | Noticed Robin
  1067 | D:2      | Killed Robin
  1073 | D:2      | Reached skill level 5 in Axes
  1138 | D:2      | Found a snail-covered altar of Cheibriados.
  1344 | D:2      | Reached XP level 4. HP: 37/40 MP: 3/3
  2160 | D:3      | Reached XP level 5. HP: 35/46 MP: 4/4
  2266 | D:3      | Reached *** piety under Trog
  2889 | D:4      | Noticed Blork the orc
  2896 | D:4      | Killed Blork the orc
  2897 | D:4      | Reached XP level 6. HP: 52/52 MP: 5/5
  2928 | D:4      | Found Omosojid's General Store.
  3206 | D:4      | Found Jaoni's Antique Armour Shoppe.
  3239 | D:4      | Found a stormy altar of Qazlal.
  3437 | D:4      | Found Ufesikk's Magic Scroll Shop.
  3796 | D:4      | Found Xeut's Armour Shoppe.
  3804 | D:4      | Bought a +1 pair of boots for 126 gold pieces
  3977 | D:5      | Entered Level 5 of the Dungeon
  3977 | D:5      | Noticed an ice beast
  3986 | D:5      | Reached XP level 7. HP: 59/59 MP: 6/6
  3987 | D:5      | Reached skill level 10 in Axes
  4108 | D:5      | Noticed a hornet
  4108 | D:5      | Noticed hawla's ghost (amateur MeFE)
  4122 | D:5      | Found a runed translucent gate.
  4122 | D:5      | Found a runed translucent gate.
  4153 | D:5      | Found a runed translucent door.
  4154 | D:5      | Noticed Crazy Yiuf
  4213 | D:5      | Found a runed translucent gate.
  4312 | D:5      | Found a staircase to the Ecumenical Temple.
  4380 | D:5      | Reached XP level 8. HP: 66/66 MP: 7/7
  4727 | D:6      | Noticed Sigmund
  4733 | D:6      | Killed Sigmund
  4782 | D:6      | Noticed Menkaure
  4787 | D:6      | Killed Menkaure
  4895 | D:6      | Found Zin's Purification Station.
  4938 | D:6      | Found a glowing silver altar of Zin.
  5228 | D:7      | Found a hide-covered altar of Uskayaw.
  5228 | D:7      | Found a shimmering blue altar of Sif Muna.
  5228 | D:7      | Found a sacrificial altar of Ru.
  5228 | D:7      | Found a basalt altar of Yredelemnul.
  5228 | D:7      | Found a shadowy altar of Dithmenos.
  5361 | D:7      | Reached XP level 9. HP: 59/71 MP: 8/8
  5947 | D:7      | Found a broken altar of Ashenzari.
  6509 | D:8      | Noticed Grum
  6517 | D:8      | Killed Grum
  6518 | D:8      | Reached skill level 15 in Axes
  6604 | D:8      | Noticed Erica
  6605 | D:8      | Noticed Maurice
  6613 | D:8      | Killed Erica
  6639 | D:8      | Killed Maurice
  6827 | D:8      | Found a glowing golden altar of the Shining One.
  6856 | D:8      | Reached XP level 10. HP: 78/78 MP: 9/9
  6908 | D:8      | Found an ancient bone altar of Kikubaaqudgha.
  7185 | D:9      | Found a staircase to the Orcish Mines.
  7634 | D:9      | Found Ynkaupp's Magic Scroll Shoppe.
  7642 | D:9      | Bought a scroll of identify for 32 gold pieces
  7642 | D:9      | Bought a scroll of identify for 32 gold pieces
  7642 | D:9      | Bought a scroll of identify for 32 gold pieces
  7642 | D:9      | Bought a scroll of identify for 32 gold pieces
  7880 | D:10     | Entered Level 10 of the Dungeon
  8487 | D:10     | Noticed a two-headed ogre
  8500 | D:10     | Killed a two-headed ogre
  9216 | D:11     | Noticed a gargoyle
  9226 | D:11     | Killed a gargoyle
  9227 | D:11     | Reached XP level 11. HP: 74/84 MP: 10/10
  9700 | D:11     | Found a staircase to the Lair.
 10138 | D:4      | Bought a kite shield for 112 gold pieces
 10409 | D:12     | Reached skill level 1 in Shields
 10633 | D:12     | Noticed a purple ugly thing
 10641 | D:12     | Killed a purple ugly thing
 10642 | D:12     | Reached skill level 2 in Shields
 10685 | D:12     | Reached skill level 5 in Fighting
 10856 | D:12     | Reached skill level 3 in Shields
 10948 | D:12     | Noticed a boulder beetle
 10958 | D:12     | Killed a boulder beetle
 10973 | D:12     | Noticed a five-headed hydra
 10983 | D:12     | Killed a one-headed hydra
 10984 | D:12     | Reached skill level 5 in Armour
 10984 | D:12     | Reached skill level 4 in Shields
 11426 | Lair:1   | Entered Level 1 of the Lair of Beasts
 11629 | Lair:1   | Reached skill level 5 in Shields
 12678 | Lair:2   | Reached skill level 6 in Shields
 12717 | Lair:2   | Reached XP level 12. HP: 78/100 MP: 11/11
 13101 | D:6      | Bought a potion of curing for 90 gold pieces
 13198 | D:2      | Bought a glowing sling for 103 gold pieces
 13278 | D:4      | Bought a potion of ambrosia for 80 gold pieces
 13609 | Lair:2   | Noticed a seven-headed hydra
 13625 | Lair:2   | Killed a one-headed hydra
 13801 | Lair:2   | Reached skill level 7 in Shields
 14787 | Lair:3   | Reached skill level 8 in Shields
 14794 | Lair:3   | Noticed a five-headed hydra
 14964 | Lair:3   | Killed a two-headed hydra
 15237 | Lair:3   | Reached skill level 9 in Shields
 15278 | Lair:3   | Found a staircase to the Snake Pit.
 15356 | Lair:3   | Noticed a seven-headed hydra
 15365 | Lair:3   | Killed a four-headed hydra
 15366 | Lair:3   | Reached skill level 10 in Fighting
 15378 | Lair:3   | Noticed a four-headed hydra
 15388 | Lair:3   | Killed a one-headed hydra
 15594 | Lair:3   | Found a staircase to the Swamp.
 15738 | Lair:3   | Reached skill level 10 in Armour
 16198 | Lair:3   | Noticed a seven-headed hydra
 16208 | Lair:3   | Killed a three-headed hydra
 16209 | Lair:3   | Reached XP level 13. HP: 114/114 MP: 12/12
 16497 | Lair:4   | Reached skill level 10 in Shields
 16954 | Lair:4   | Identified the +8 war axe "Cavvuuf" {elec, Fly Int+3}
 16954 | Lair:4   | Identified the ring of Jybabbee {rElec rPois Str-3 Slay+2}
 16954 | Lair:4   | Noticed Kirke
 16984 | Lair:4   | Noticed a sphinx
 16988 | Lair:4   | Killed Kirke
 17324 | Lair:4   | Reached skill level 11 in Shields
 17710 | Lair:5   | Entered Level 5 of the Lair of Beasts
 18110 | Lair:5   | Found a viscous altar of Jiyva.
 18110 | Lair:5   | Found a staircase to the Slime Pits.
 18256 | Lair:5   | Reached skill level 12 in Shields
 18618 | Lair:5   | Reached XP level 14. HP: 127/127 MP: 13/13
 18634 | Lair:5   | Identified the +6 hand axe of War {antimagic, rF++ Dex+2}
 19320 | Orc:1    | Entered Level 1 of the Orcish Mines
 19720 | Orc:2    | Entered Level 2 of the Orcish Mines
 19811 | Orc:2    | Found Zolirr's Armour Emporium.
 19818 | Orc:2    | Bought a +1 pair of boots of flying for 214 gold pieces
 19850 | Orc:2    | Gained mutation: You are occasionally teleported next to
                  | monsters. [a neqoxec]
 20096 | Orc:2    | Found Hangu's Jewellery Boutique.
 20101 | Orc:2    | Found Dymiene's Armour Emporium.
 20113 | Orc:2    | Bought a +6 ring of strength for 504 gold pieces
 20128 | Orc:2    | Found Jatreg's Jewellery Emporium.
 20142 | Orc:2    | Found Kaownax's Magic Scroll Emporium.
 20221 | Orc:2    | Bought a scroll of enchant armour for 90 gold pieces
 20224 | Orc:2    | Found a staircase to the Elven Halls.
 20456 | Orc:2    | Found Qegugefo's Armour Boutique.
 20460 | Orc:2    | Reached **** piety under Trog
 20690 | Orc:2    | Noticed an orc warlord
 20876 | Orc:1    | Reached skill level 13 in Shields
 21116 | Orc:2    | Killed an orc warlord
 21118 | Orc:2    | Found Vucief's Antique Weapon Shop.
 21224 | Orc:2    | Found Enkigunu's Antique Armour Boutique.
 21511 | Orc:2    | Found Ocaocuig's Assorted Antiques.
 21516 | Orc:2    | Bought a scroll of enchant armour for 180 gold pieces
 22279 | D:5      | Killed hawla's ghost
 22343 | D:5      | Killed Crazy Yiuf
 22857 | D:13     | Found a gate to the Vaults.
 23139 | D:13     | Reached skill level 14 in Shields
 23517 | D:14     | Noticed Azrael
 23993 | D:14     | Killed Azrael
 24713 | D:13     | Reached XP level 15. HP: 138/139 MP: 14/14
 24771 | D:14     | Reached skill level 15 in Fighting
 25283 | D:15     | Entered Level 15 of the Dungeon
 25393 | D:15     | Reached skill level 15 in Armour
 25750 | D:15     | Identified a scroll of acquirement
 25751 | D:15     | Acquired a manual of Shields
 25765 | D:15     | Found Jaeqaf's Distillery.
 25769 | D:15     | Reached skill level 15 in Shields
 25809 | D:15     | Bought a potion of heal wounds for 70 gold pieces
 26090 | D:15     | Found Rapif's Book Emporium.
 26158 | D:15     | Found Mosaz's Weapon Boutique.
 26426 | D:15     | Reached skill level 16 in Shields
 26504 | D:15     | Found a staircase to the Depths.
 26868 | Snake:1  | Entered Level 1 of the Snake Pit
 27051 | Snake:1  | Found Tarpheu's Magic Scroll Shoppe.
 27051 | Snake:1  | Found Asaclooseu's Antique Weapon Emporium.
 27541 | Orc:2    | Bought a +7 plate armour of ponderousness for 455 gold
                  | pieces
 28480 | Snake:1  | Reached skill level 17 in Shields
 28492 | Snake:1  | Reached XP level 16. HP: 152/152 MP: 6/15
 29060 | Snake:2  | Reached skill level 18 in Shields
 29071 | Snake:2  | Identified the +1 leather armour of Starshine {Regen+
                  | Str+5}
 29944 | Snake:2  | Noticed Nikola
 29961 | Snake:2  | Killed Nikola
 31045 | Snake:3  | Reached skill level 19 in Shields
 31178 | Snake:3  | Found a transporter.
 31180 | Snake:3  | Found a transporter.
 31504 | Snake:3  | Noticed FakeRyeBread's ghost (adept GrFi)
 31514 | Snake:3  | Noticed a tentacled starspawn
 31521 | Snake:3  | Found a one-way gate to the infinite horrors of the Abyss.
 32385 | Snake:4  | Entered Level 4 of the Snake Pit
 32937 | Snake:4  | Reached skill level 20 in Shields
 33332 | Snake:3  | Reached XP level 17. HP: 166/166 MP: 16/16
 33628 | Snake:4  | Got a serpentine rune of Zot
 34292 | Swamp:1  | Entered Level 1 of the Swamp
 34685 | Swamp:1  | Noticed a tentacled monstrosity
 34693 | Swamp:1  | Killed a tentacled monstrosity
 36237 | Swamp:3  | Reached skill level 21 in Shields
 36490 | Swamp:3  | Noticed Mara
 36497 | Swamp:3  | Noticed cheesebisquit's illusion
 36524 | Swamp:3  | Noticed cheesebisquit's illusion
 37187 | Swamp:3  | Noticed cheesebisquit's illusion
 37604 | Swamp:3  | Noticed cheesebisquit's illusion
 37607 | Swamp:3  | Killed Mara
 37961 | Swamp:4  | Entered Level 4 of the Swamp
 39514 | Swamp:4  | Reached XP level 18. HP: 178/178 MP: 17/17
 39663 | Swamp:4  | Got a decaying rune of Zot
 39830 | Swamp:4  | Identified the +0 leather armour "Tihyih" {Str+5 Int+4
                  | Dex-4}
 40462 | Orc:2    | Bought a +0 hat for 52 gold pieces
 40514 | Orc:2    | Bought a tubular sapphire ring for 120 gold pieces
 40614 | D:9      | Bought a scroll of enchant armour for 120 gold pieces
 40755 | Vaults:1 | Entered Level 1 of the Vaults
 41081 | D:13     | Reached skill level 22 in Shields
 42461 | Vaults:2 | Noticed Saint Roka
 43108 | Vaults:2 | Killed Saint Roka
 43161 | Vaults:2 | Noticed Asterion
 43174 | Vaults:2 | Killed Asterion
 43628 | Vaults:2 | Paralysed by a sphinx for 2 turns
 43863 | Vaults:2 | Found a staircase to the Crypt.
 43885 | Vaults:2 | Noticed Boris
 43905 | Vaults:2 | Killed Boris
 44031 | Vaults:2 | Paralysed by a sphinx for 4 turns
 44223 | Vaults:2 | Reached XP level 19. HP: 152/190 MP: 18/18
 44417 | Vaults:2 | Noticed Bai Suzhen
 44431 | Vaults:2 | Killed Bai Suzhen
 44432 | Vaults:2 | Reached skill level 1 in Throwing
 44678 | Vaults:3 | Reached skill level 23 in Shields
 45094 | Vaults:3 | Found Baoggaer's Antique Weapon Emporium.
 45505 | Vaults:3 | Found Vonoel's Armour Shoppe.
 45506 | Vaults:3 | Paralysed by a great orb of eyes for 4 turns
 45536 | Vaults:3 | Bought a +1 pair of gloves of strength for 379 gold pieces
 47440 | Vaults:4 | Paralysed by a great orb of eyes for 3 turns
 47512 | Vaults:4 | Reached skill level 5 in Throwing
 47825 | Vaults:4 | Reached XP level 20. HP: 194/200 MP: 19/19
 49021 | Depths:1 | Entered Level 1 of the Depths
 49203 | Depths:1 | Noticed Boris
 49216 | Depths:1 | Killed Boris
 50503 | Depths:1 | Found a large runed translucent door.
 50835 | Depths:1 | Reached skill level 24 in Shields
 50841 | Depths:1 | Found a gateway to Hell.
 50903 | Depths:1 | Found a shadowy altar of Dithmenos.
 51146 | Depths:1 | Found a large runed translucent door.
 51150 | Depths:1 | Noticed Egret's ghost (journeyman GrFi)
 51206 | Depths:1 | Found the +10 Black Knight's barding {ponderous, rPois rN+}
 52501 | Depths:2 | Noticed a dread lich
 52529 | Depths:2 | Killed a dread lich
 53137 | Depths:2 | Noticed Boris
 53152 | Depths:2 | Killed Boris
 53164 | Depths:2 | Reached XP level 21. HP: 211/211 MP: 20/20
 54838 | Depths:2 | Found a one-way gate leading to the halls of Pandemonium.
 54902 | Depths:2 | Found a gateway to a bazaar.
 55661 | Depths:2 | Paralysed by something for 2 turns
 56963 | Depths:3 | Found Puekk's Book Emporium.
 57426 | Depths:3 | Found a glowing golden altar of the Shining One.
 57427 | Depths:3 | Found a white marble altar of Elyvilon.
 57430 | Depths:3 | Found a glowing silver altar of Zin.
 57658 | Depths:4 | Entered Level 4 of the Depths
 57658 | Depths:4 | Noticed Parghit
 57679 | Depths:4 | Killed Parghit
 57886 | Depths:4 | Noticed Vv
 57955 | Depths:3 | HP: 3/204 [Vv (18)]
 57959 | Depths:3 | Slain by Vv

Illustrated notes

Levels and vault maps discovered:
D:1:      saegor_arrival_simple_b, layout_loops_corners
D:2:      layout_basic, serial_shops, nicolae_shop_hallway_plus,
          chequers_ecumenical_altar_simple_redux, basic_altar,
          corexii_corridor_pit, uniq_robin
D:3:      layout_basic, hangedman_decor_push, patterned_corridor
D:4:      layout_cave_pods, mainiacjoe_overflow_concentric_impassable,
          serial_shops, nicolae_stop_n_shop_2, shop, shop_fountains,
          nicolae_shop_stone, uniq_blork_the_orc
D:5:      layout_basic, minmay_temple_entry_mist, gammafunk_ghost_split,
          uniq_crazy_yiuf_cottage
D:6:      layout_rooms, zin_purify, ebering_dispersal_statue_hall, uniq_sigmund,
          uniq_menkaure
D:7:      layout_basic, mainiacjoe_overflow_cross_hatched,
          cheibrodos_ashenzari_chains, grunt_temple_overflow_open,
          enter_bailey_3, kennysheep_small_circle
D:8:      minmay_chambers_of_sevens, layout_gridville,
          mainiacjoe_overflow_alcove_4, lemuel_zombie_altar_kikubaaqudgha,
          uniq_grum, uniq_erica, uniq_maurice
D:9:      layout_basic, zombieorc2_lemuel, serial_shops, shop
D:10:     layout_grid_maze
D:11:     layout_loops_ring, erik_lair_dragon
D:12:     layout_cave_pools
D:13:     layout_irregular_city, erik_vaults_1
D:14:     layout_basic, grunt_decor_one_mirror, minmay_misc_feat_cross,
          uniq_azrael
D:15:     grunt_enter_depths_magical_seal, layout_gridville, serial_shops,
          nicolae_shop_bloodbath_and_beyond, shop, shop, dk_noncrumbling_4,
          minmay_pinched_square
Lair:1:   layout_regular_city, lemuel_old_faithful
Lair:2:   layout_loops_ring, beast_lair_carwin_6, serial_bayou_shore_a,
          grunt_megastairs_3
Lair:3:   layout_layer_cave, palyth_hydra_swamp_entry,
          guppyfry_snake_entry_garden, infiniplex_staircase_pool
Lair:4:   layout_loops_ring, minivault_25, worms_lemuel, uniq_kirke
Lair:5:   minmay_lair_end_enchanted_forest, layout_loops_ring, slime_entry_1
Swamp:1:  cheibrodos_swamp_tower_of_moss, layout_basic_swamp,
          nicolae_swamp_big_swirl
Swamp:2:  layout_basic_swamp, evilmike_swamp_ruin_house_1
Swamp:3:  layout_basic_swamp, nicolae_swamp_very_dense_foliage, swamp_pool1,
          uniq_mara
Swamp:4:  swamp_basic_johnstein, layout_basic_swamp, swamp_pool3,
          nicolae_swamp_snake_nest
Snake:1:  nicolae_snake_attic_fulla_snakes, layout_misc_corridors,
          minmay_shoptagon, grunt_megastairs_4
Snake:2:  layout_rooms, uniq_nikola
Snake:3:  layout_layer_cave, gammafunk_ghost_abyssal_escape
Snake:4:  grunt_snake_rune_pools, layout_misc_corridors
Orc:1:    layout_diamond_mine
Orc:2:    grunt_orc_community_town_hall, layout_diamond_mine,
          grunt_orc_community_big_house_2, grunt_orc_community_big_house_1,
          grunt_orc_community_house_1, grunt_orc_community_house_2,
          grunt_orc_community_house_1, grunt_orc_community_house_1,
          grunt_orc_community_house_3, serial_shops, shop_fountains,
          shop_fountains, nicolae_shop_crystal, shop,
          minmay_shop_enchanted_jewellery, minmay_orc_keep
Vaults:1: ontoclasm_vaults_gallery, vaults_room_large_hall, vaults_room_grid,
          ontoclasm_vaults_tryst, hangedman_vaults_pinch,
          nicolae_vaults_alarming, serial_ice_b, vaults_mumra_chevron,
          vaults_room_pools, v_alt_pattern_5, nicolae_vaults_shelves_hall,
          hangedman_vaults_restitches, layout_vaults_big_room
Vaults:2: minmay_crypt_entry_simple_corners, v_misc_23, vaults_mumra_hexcomb,
          vaults_dpeg_emergency_exit, hangedman_vaults_snaps,
          vaults_mumra_minichess_inversion, nicolae_vaults_little_squares_3,
          v_misc_19, ontoclasm_vaults_idyll, layout_vaults_big_cross,
          uniq_asterion, uniq_saint_roka, uniq_boris, uniq_bai_suzhen
Vaults:3: nicolae_vaults_little_squares_1, v_misc_30, nicolae_vaults_rhombus_6,
          v_misc_14, v_misc_26, st_spiral_rooms, v_misc_28,
          ontoclasm_vaults_twist, nicolae_vaults_bisected_exclaves,
          ontoclasm_vaults_chip, vaults_room_door_ring,
          nicolae_vaults_mini_display_case, layout_vaults_omnigrid,
          serial_shops, shop_statue, nicolae_shop_stone
Vaults:4: hangedman_vaults_maws, v_misc_29, v_rooms_2, vaults_dpeg_cross,
          nicolae_vaults_network_quinsquares
          [nicolae_vaults_network_quincunx_subvault,
          nicolae_vaults_network_quincunx_subvault,
          nicolae_vaults_network_quincunx_subvault,
          nicolae_vaults_network_quincunx_subvault],
          ontoclasm_vaults_misaligned, ontoclasm_vaults_bender,
          hangedman_vaults_impose, hangedman_vaults_impose, layout_vaults_maze
Depths:1: layout_big_octagon, grunt_hell_entry_demonic_statue, abyss_entry,
          nicolae_dithmenos_the_darkroom, ebering_ghost_disaster_area,
          minmay_metal_thing
Depths:2: cheibrodos_cascadia, layout_basic, hellmouth_3,
          rand_demon_pan_entry_4, minmay_misc_feat_columns, serial_shops,
          statue_bzr, serial_bayou_shore_b
Depths:3: kennysheep_cluttered_fort, layout_basic, good_gods_temple_1,
          hell_entry, serial_shops, nicolae_shop_stone, abyss_entry
Depths:4: grunt_zot_entry_funnels, layout_gridville, enter_ziggurat_b,
          minmay_misc_feat_five, hell_entry, serial_sigils,
          serial_sigils_hangedman_etch, serial_sigils_hangedman_stare,
          serial_sigils_hangedman_snap, serial_sigils_hangedman_writhe,
          serial_sigils_hangedman_gut, uniq_margery, uniq_parghit,
          uniq_frederick, uniq_grunn, uniq_vv

Skill      XL: |  1  2  3  4  5  6  7  8  9 10 11 12 13 14 15 16 17 18 19 20 21 |
---------------+----------------------------------------------------------------+-----
Fighting       | 4 7 10 12 14 16 18 19 21 22 23 | 23.5
Axes           | 4 5 6 7 9 11 14 16 19 20 21 22 | 22.3
Armour         | 7 10 12 14 16 18 19 21 22 23 | 23.4
Shields        | 6 9 12 14 17 20 21 22 23 24 | 24.9
Throwing       | 5 8 9 |  9.3
Dodging        | |  2.6

Action                   |  1- 3 |  4- 6 |  7- 9 | 10-12 | 13-15 | 16-18 | 19-21 || total
-------------------------+-------+-------+-------+-------+-------+-------+-------++-------
Melee: Hand axe          |    89 |   114 |       |    49 |   262 |       |       ||   514
       Headbutt          |     8 |    19 |    27 |   109 |   219 |   313 |   320 ||  1015
       Broad axe         |       |    26 |   142 |   531 |   538 |  1101 |  1094 ||  3432
       Punch             |       |       |     1 |     2 |       |       |       ||     3
       War axe           |       |       |       |       |   194 |       |       ||   194
Throw: Dart              |       |       |       |       |       |     7 |    34 ||    41
Invok: Berserk           |     3 |     6 |    11 |    22 |    37 |    40 |    40 ||   159
       Trog's Hand       |     1 |     7 |    12 |    28 |    46 |    64 |    66 ||   224
  Use: Scroll            |       |     1 |    13 |    15 |    14 |    10 |     9 ||    62
       Potion            |       |       |       |     2 |     5 |    21 |     8 ||    36
 Stab: Sleeping          |     2 |       |       |       |       |       |       ||     2
       Distracted        |       |       |       |       |       |     1 |     1 ||     2
       Confused          |       |       |       |       |       |     1 |       ||     1
Armor: Animal skin       |     6 |       |       |       |       |       |       ||     6
       Ring mail         |    30 |     7 |     3 |       |       |       |       ||    40
       Scale mail        |       |    49 |     3 |       |       |       |       ||    52
       Plate armour      |       |       |    62 |   281 |   416 |   465 |   405 ||  1629
       Gold dragon scale |       |       |       |       |       |       |    17 ||    17
Dodge: Dodged            |    57 |    76 |    72 |   148 |   185 |   209 |   186 ||   933
Block: Kite shield       |       |       |       |   201 |   877 |  1110 |  1006 ||  3194
       Reflection        |       |       |       |       |    46 |    84 |    47 ||   177
